 Dungeon Crawl Stone Soup version 0.29.1-15-g9cfb28693d (webtiles) character file.

Game seed: 16481634393659265042

392 ThatPearl the Charlatan (level 6, -2/47 HPs)
             Began as a Gnoll Artificer on Mar 8, 2023.
             Slain by an orc
             ... wielding a +0 flail
              (5 damage)
             ... on level 4 of the Dungeon.
             The game lasted 00:06:34 (3971 turns).

ThatPearl the Charlatan (Gnoll Artificer)           Turns: 3971, Time: 00:06:36

Health: -2/47      AC:  4    Str: 12    XL:     6   Next: 80%
Magic:  9/9        EV: 16    Int: 12    God:
Gold:   130        SH:  4    Dex: 12    Spells: 5/9 levels left

rFire   . . .      SeeInvis .   A - +1 flail (drain)
rCold   . . .      Faith    .   y - +0 buckler
rNeg    . . .      Spirit   .   f - +0 leather armour
rPois   .          Reflect  .   (no helmet)
rElec   .          Harm     .   (no cloak)
rCorr   .          Rampage  .   (no gloves)
Will    .....                   v - +0 pair of boots
Stlth   ++........              (no amulet)
HPRegen 0.15/turn               l - +4 ring of evasion
MPRegen 0.11/turn               (no ring)

@: lethally poisoned (-2 -> -18)
A: fangs 1, strong nose, distributed training
a: no special abilities


You were on level 4 of the Dungeon.
You visited 1 branch of the dungeon, and saw 4 of its levels.

You collected 215 gold pieces.
You spent 85 gold pieces at shops.

Inventory:

Hand Weapons
 a - a +0 sling
 b - a +0 dagger of venom
 q - a +0 dagger of speed
 A - a +1 flail of draining (weapon)
Missiles
 g - 44 stones
 t - 10 poisoned darts
Armour
 f - a +0 leather armour (worn)
 v - a +0 pair of boots (worn)
 y - a +0 buckler (worn)
Magical Staves
 s - a staff of death
Jewellery
 l - a +4 ring of evasion (left hand)
Wands
 c - a wand of flame (12) (quivered)
 d - a wand of charming (21)
 e - a wand of iceblast (5)
Scrolls
 i - a scroll of fear
 k - a scroll of blinking {unknown}
 m - a scroll of teleportation
 o - a scroll of noise {unknown}
 p - a scroll of immolation {unknown}
 u - 2 scrolls of identify {unknown}
Potions
 h - a potion of might {unknown}
 j - a potion of degeneration {unknown}
 n - a potion of attraction {unknown}
 r - 2 potions of mutation {unknown}
 w - a potion of cancellation {unknown}
 x - a potion of flight {unknown}
 z - a potion of heal wounds {unknown}


   Skills:
 + Level 3.4 Fighting
 + Level 2.2 Short Blades
 + Level 2.2 Long Blades
 + Level 2.2 Axes
 + Level 2.2 Maces & Flails
 + Level 2.2 Polearms
 + Level 2.2 Staves
 + Level 2.2 Ranged Weapons
 + Level 2.2 Throwing
 + Level 5.1 Armour
 + Level 3.4 Dodging
 + Level 3.2 Stealth
 + Level 2.2 Shields
 + Level 2.2 Unarmed Combat
 + Level 2.2 Spellcasting
 + Level 1.7 Conjurations
 + Level 1.7 Hexes
 + Level 1.7 Summonings
 + Level 1.7 Necromancy
 + Level 1.7 Translocations
 + Level 1.7 Transmutations
 + Level 1.7 Fire Magic
 + Level 1.7 Ice Magic
 + Level 1.7 Air Magic
 + Level 1.7 Earth Magic
 + Level 1.7 Poison Magic
 + Level 2.4 Invocations
 + Level 6.9 Evocations


You had 5 spell levels left.
You knew the following spells:

 Your Spells              Type           Power      Damage    Failure   Level
a - Necrotise             Necr           20%        1d5       22%         1
b - Blink                 Tloc           10%        N/A       32%         2
s - Summon Small Mammal   Summ           20%        N/A       22%         1

Your spell library contained the following spells:

 Spells                   Type           Power      Damage    Failure   Level
 Apportation              Tloc           10%        N/A       22%         1
 Magic Dart               Conj           20%        1d4       22%         1
 Searing Ray              Conj           10%        2d4       32%         2
 Lesser Beckoning         Tloc           5%         N/A       54%         3
 Vampiric Draining        Necr           5%         2d6       54%         3
 Fulminant Prism          Conj/Hex       2%         3d6       91%         4
 Agony                    Necr           5%         N/A       99%         5
 Manifold Assault         Tloc           5%         N/A       99%         5


Dungeon Overview and Level Annotations

Branches:
Dungeon (4/15)
 Temple: D:4-7

Altars:
Trog
Zin

Shops:
D:3 [


Innate Abilities, Weirdness & Mutations

You have very sharp teeth.
Your uncanny sense of smell can sniff out nearby items.
Your experience applies equally to all skills.


Message History

You hit the iguana but do no damage. You drain the iguana.
The iguana is moderately wounded.
The iguana bites you but does no damage.
The gnoll hits you from afar with a +0 spear.
The gnoll barely misses you. You block the iguana's attack.
You hit the iguana. Your bite misses the iguana.
The iguana is moderately wounded.
The gnoll misses you. The iguana closely misses you.
The iguana attacks as you move away! The iguana misses you.
You hit the iguana but do no damage. You bite the iguana, but do no damage.
The iguana is moderately wounded.
The iguana misses you.
You hit the iguana but do no damage.
The iguana is moderately wounded.
The iguana misses you. The gnoll hits you but does no damage.
The gnoll hits you from afar with a +0 spear.
* * * LOW HITPOINT WARNING * * *
The iguana closely misses you.
An orc priest comes into view. It is wielding a +0 short sword.
Found 8 stones.
The orc barely misses you. The gnoll misses you.
You barely miss the gnoll.
The gnoll is moderately wounded.
The orc priest shouts!
The orc hits you with a +0 hand axe of venom.
* * * LOW HITPOINT WARNING * * *
You are lethally poisoned!
The gnoll barely misses you. The iguana misses you.
You hit the gnoll.
The gnoll is severely wounded.
* * * LOW HITPOINT WARNING * * *
You feel very sick. You block the orc's attack. The iguana barely misses you.
The gnoll barely misses you.
The orc hits you with a +0 hand axe of venom.
* * * LOW HITPOINT WARNING * * *
You are more poisoned.
The gnoll hits you with a +0 spear.
* * * LOW HITPOINT WARNING * * *
The iguana completely misses you. The orc hits you with a +0 flail.
You die...

...............# ##.#..
.............##......#.
.............##..(....
.###.###.### #.# .... ## #.#
####..#... # ##.###....##...#.
# #.........##..o.############
# #..####...##.ogo##.........#
# #.........##.o@#...#.....#.#
###.#.##....##..#l..#.#...#..#
............##.#.....#...#...#
###.#.......###...##...#....##
............. ###########...##
.(...)†.##### ##..#...#
.#.#....... #....#..####
.#.#......... ##.....#.#..# .
........## ........###.#


You could see an iguana (very drained), an orc priest, an orc wizard, a gnoll
(very drained) and 2 orcs.

Vanquished Creatures
  A black bear (D:4)
  A scorpion (D:4)
  A jelly (D:4)
  An orc priest (D:3)
  Jessica (D:2)
  An iguana (D:4)
  An orc wizard (D:3)
  3 adders
  A white imp (D:3)
  2 worms
  2 dart slugs
  4 orcs
  A ball python (D:2)
  5 endoplasms
  2 giant cockroaches (D:3)
  14 goblins
  4 hobgoblins
  3 bats
  2 frilled lizards
  6 kobolds
  4 rats
60 creatures vanquished.

Notes
Turn   | Place    | Note
-------+----------+-------------------------------------------
     0 | D:1      | ThatPearl the Gnoll Artificer began the quest for the Orb.
     0 | D:1      | Reached XP level 1. HP: 17/17 MP: 1/1
   262 | D:1      | Reached XP level 2. HP: 23/23 MP: 2/2
   575 | D:2      | Noticed Jessica
   588 | D:2      | Killed Jessica
   589 | D:2      | Reached skill level 1 in Invocations
   589 | D:2      | Reached XP level 3. HP: 16/28 MP: 2/4
  1002 | D:2      | Reached skill level 1 in Short Blades
  1002 | D:2      | Reached skill level 1 in Long Blades
  1002 | D:2      | Reached skill level 1 in Axes
  1002 | D:2      | Reached skill level 1 in Maces & Flails
  1002 | D:2      | Reached skill level 1 in Polearms
  1002 | D:2      | Reached skill level 1 in Staves
  1002 | D:2      | Reached skill level 1 in Ranged Weapons
  1002 | D:2      | Reached skill level 1 in Throwing
  1002 | D:2      | Reached skill level 1 in Shields
  1002 | D:2      | Reached skill level 1 in Unarmed Combat
  1002 | D:2      | Reached skill level 1 in Spellcasting
  1050 | D:2      | Reached XP level 4. HP: 17/34 MP: 5/5
  1605 | D:3      | Learned a level 1 spell: Necrotise
  1607 | D:3      | Learned a level 1 spell: Summon Small Mammal
  1610 | D:3      | Learned a level 2 spell: Blink
  1641 | D:3      | Reached skill level 1 in Conjurations
  1641 | D:3      | Reached skill level 1 in Hexes
  1641 | D:3      | Reached skill level 1 in Summonings
  1641 | D:3      | Reached skill level 1 in Necromancy
  1641 | D:3      | Reached skill level 1 in Translocations
  1641 | D:3      | Reached skill level 1 in Transmutations
  1641 | D:3      | Reached skill level 1 in Fire Magic
  1641 | D:3      | Reached skill level 1 in Ice Magic
  1641 | D:3      | Reached skill level 1 in Air Magic
  1641 | D:3      | Reached skill level 1 in Earth Magic
  1641 | D:3      | Reached skill level 1 in Poison Magic
  1647 | D:3      | Reached XP level 5. HP: 14/40 MP: 5/7
  2295 | D:3      | Found Aseeqitif's Antique Armour Shop.
  2315 | D:3      | Bought a pair of boots for 85 gold pieces
  2450 | D:3      | Found a glowing silver altar of Zin.
  2704 | D:4      | Noticed an ogre
  2963 | D:4      | HP: 2/41 [goblin/+0 dagger (1)]
  3291 | D:4      | Noticed a black bear
  3306 | D:4      | Killed a black bear
  3307 | D:4      | Reached skill level 5 in Armour
  3307 | D:4      | Reached XP level 6. HP: 26/47 MP: 7/9
  3508 | D:4      | Found a bloodstained altar of Trog.
  3971 | D:4      | Slain by an orc

Illustrated notes

Levels and vault maps discovered:
D:1:      eino_arrival_cavern_a, layout_rooms
D:2:      layout_basic, hangedman_decor_points, uniq_jessica
D:3:      layout_loops_ring, mainiacjoe_overflow_24_doors, serial_shops, shop
D:4:      layout_basic, nicolae_overflow_hidden_temple,
          hangedman_feature_mirror, hangedman_decor_slide_cut,
          grunt_ministairs_10

Skill      XL: |  1  2  3  4  5 |
---------------+----------------+-----
Invocations    | 1 2 |  2.4
Short Blades   | 1 2 |  2.2
Long Blades    | 1 2 |  2.2
Axes           | 1 2 |  2.2
Maces & Flails | 1 2 |  2.2
Polearms       | 1 2 |  2.2
Staves         | 1 2 |  2.2
Ranged Weapons | 1 2 |  2.2
Throwing       | 1 2 |  2.2
Shields        | 1 2 |  2.2
Unarmed Combat | 1 2 |  2.2
Spellcasting   | 1 2 |  2.2
Conjurations   | 1 |  1.7
Hexes          | 1 |  1.7
Summonings     | 1 |  1.7
Necromancy     | 1 |  1.7
Translocations | 1 |  1.7
Transmutations | 1 |  1.7
Fire Magic     | 1 |  1.7
Ice Magic      | 1 |  1.7
Air Magic      | 1 |  1.7
Earth Magic    | 1 |  1.7
Poison Magic   | 1 |  1.7
Fighting       | 3 |  3.4
Dodging        | 3 |  3.4
Armour         | 5 |  5.1
Stealth        | 3 |  3.2
Evocations     | |  6.9

Action                   |  1- 3 |  4- 6 || total
-------------------------+-------+-------++-------
Melee: Dagger            |    12 |   123 ||   135
       Bite              |       |    19 ||    19
       Punch             |       |     1 ||     1
       Flail             |       |    11 ||    11
 Fire: Sling             |    60 |    32 ||    92
Evoke: Wand              |     1 |     2 ||     3
  Use: Scroll            |       |     2 ||     2
 Stab: Sleeping          |       |     3 ||     3
Armor: Leather armour    |     9 |    35 ||    44
Dodge: Dodged            |    28 |   130 ||   158
Block: Buckler           |       |     8 ||     8
